 Dungeon Crawl Stone Soup version 0.30-a0-1114-gd936c97349 (webtiles) character file.

Game seed: 4337078980524001631

4055 jasper the Spear-Bearer (level 10, 0/70 HPs)
             Began as a Mummy Cinder Acolyte on Apr 20, 2023.
             Was a Follower of Ignis.
             Slain by a troll (5 damage)
             ... on level 8 of the Dungeon.
             The game lasted 00:11:02 (7572 turns).

jasper the Spear-Bearer (Mummy Cinder Acolyte)      Turns: 7572, Time: 00:11:02

Health: 0/70       AC: 15    Str: 17    XL:     10   Next: 4%
Magic:  12/12      EV: 14    Int: 19    God:    Ignis [*.....]
Gold:   440        SH:  0    Dex:  7    Spells: 6/11 levels left

rFire   . . .      SeeInvis .    B - +0 trident
rCold   + + .      Faith    +    (no shield)
rNeg    + + +      Spirit   .    F - +2 scale mail {rC+}
rPois   ∞          Reflect  .    (no helmet)
rElec   .          Rampage  .    (no cloak)
rCorr   .                        (no gloves)
Will    +....                    (no boots) Stlth
                                 g - amulet of magic regeneration
HPRegen 0.31/turn                c - +5 ring of evasion
MPRegen 0.53/turn                (no ring)

@: fiery-armoured
A: cold resistance 1, negative energy resistance 3, torment resistance 2, heat
vulnerability 1, in touch with death 1, no potions, faith
a: Renounce Religion, Fiery Armour, Foxfire Swarm, Rising Flame


You were on level 8 of the Dungeon.
You worshipped Ignis.
Ignis was aware of your devotion.
You visited 1 branch of the dungeon, and saw 8 of its levels.

You collected 440 gold pieces.

Inventory:

Hand Weapons
 a - a -1 spear of flaming
 n - a +2 whip of electrocution
 x - the +12 dagger of Redgheyss {freeze, rPois}
   (You found it on level 7 of the Dungeon)

   rPois:     It protects you from poison.
 B - a +0 trident (weapon)
 C - a +0 morningstar of flaming
Missiles
 i - 51 stones (quivered)
 m - 3 silver boomerangs
 E - 16 poisoned darts
Armour
 b - a +1 robe
 o - a +0 ring mail
 u - a +0 scale mail
 F - a +2 scale mail of cold resistance (worn)
Jewellery
 c - a +5 ring of evasion (left hand)
 g - an amulet of magic regeneration (around neck)
 w - a +6 ring of intelligence
 A - a ring of ice
Wands
 e - a wand of polymorph (2)
 p - a wand of flame (28)
 r - a wand of roots (5)
Scrolls
 d - 2 scrolls of poison
 f - 2 scrolls of enchant armour
 h - a scroll of silence
 j - a scroll of noise
 k - a scroll of brand weapon
 l - a scroll of enchant weapon
 q - 2 scrolls of teleportation {unknown}
 s - a scroll of torment {unknown}
 t - a scroll of butterflies {unknown}
 v - a scroll of magic mapping {unknown}
 y - a scroll of amnesia {unknown}
 z - a scroll of fog {unknown}
 D - a scroll of immolation


   Skills:
 - Level 3.0 Fighting
 + Level 12.4 Polearms
 - Level 1.3 Spellcasting
 - Level 2.4 Fire Magic


You had 6 spell levels left.
You knew the following spells:

 Your Spells              Type           Power      Damage    Failure   Level
a - Anguish               Hex/Necr       0%         N/A       100%        4
b - Apportation           Tloc           2%         N/A       54%         1

Your spell library contained the following spells:

 Spells                   Type           Power      Damage    Failure   Level
 Scorch                   Fire           20%        2d6       36%         2
 Necrotise                Necr           4%         1d4       54%         1
 Shock                    Conj/Air       4%         1d3       54%         1
 Summon Small Mammal      Summ           4%         N/A       54%         1
 Ensorcelled Hibernation  Hex/Ice        2%         N/A       69%         2
 Swiftness                Air            1%         N/A       89%         3
 Airstrike                Air            0%         2d(1-17)  100%        4
 Spider Form              Tmut/Pois      Unusable   N/A       N/A         3

Dungeon Overview and Level Annotations

Branches:
Dungeon (8/15)             Temple (0/1) D:5
   Lair: D:8-11

Altars:
Cheibriados
Gozag
Ru
Vehumet
Xom
Yredelemnul

Shops:
D:4 (

Annotations:
D:6 1 runed translucent door, Crazy Yiuf


Innate Abilities, Weirdness & Mutations

You are immune to poison.
Your flesh is cold resistant. (rC+)
You are immune to negative energy. (rN+++)
You are immune to unholy pain and torment.
You are vulnerable to heat. (rF-)
You are in touch with the powers of death.
You do not drink.
You have a special connection with the divine. (Faith)


Message History

The troll barely misses you. x2; The troll claws you!
You take 12 damage, and have 24/70 hp.
You hit the troll.
The troll is heavily wounded.
You hit the troll but do no damage.
The troll is heavily wounded.
The troll bites you but does no damage. The troll closely misses you.
The troll claws you but does no damage.
You closely miss the troll.
The troll is heavily wounded.
The troll bites you!
* * * LOW HITPOINT WARNING * * *
The troll closely misses you. The troll claws you but does no damage.
You take 13 damage, and have 12/70 hp.
A protective cloak of flame settles atop you.
The troll bites you.
* * * LOW HITPOINT WARNING * * *
The troll is burned by your cloak of flames.
The troll is heavily wounded.
The troll misses you. The troll claws you.
* * * LOW HITPOINT WARNING * * *
The troll is burned by your cloak of flames.
The troll is heavily wounded.
You take 8 damage, and have 4/70 hp.
You hit the troll but do no damage.
The troll is heavily wounded.
The troll misses you. The troll claws you but does no damage.
The troll is burned by your cloak of flames.
The troll is severely wounded.
The troll misses you.
You can't drink.
Unknown command.
Okay, then.
Unknown command.
You closely miss the troll.
The troll is severely wounded.
You barely miss the troll.
The troll is severely wounded.
The troll bites you.
You die...

.## #^# .....#####.#
#...T@.#.# #.####.#.#
#.#.# #.#.# ##.#.#
#.###..#.#############
..................#...#
..........#######.#...#
###........#####.......


You could see a troll.

Vanquished Creatures
  A two-headed ogre (D:8)
  Maggie (D:7)
  A raiju (D:5)
  3 steam dragons
  Menkaure (D:6)
  3 water moccasins (D:7)
  An orc warrior (D:8)
  3 ice beasts
  3 sky beasts
  3 black bears (D:6)
  2 ogres
  A phantom (D:7)
  2 kobold brigands (D:8)
  2 bullfrogs (D:6)
  3 scorpions
  5 hounds (D:5)
  An iron imp (D:7)
  3 iguanas (D:5)
  A gnoll bouda (D:5)
  An orc wizard (D:4)
  7 gnolls
  10 adders
  2 shadow imps
  A white imp (D:7)
  3 ufetubi
  2 worms (D:2)
  8 orcs
  6 ball pythons
  5 bats
  5 endoplasms
  6 giant cockroaches
  4 goblins
  6 hobgoblins
  10 jackals
  7 quokkas
  5 frilled lizards
  12 kobolds
  7 rats
147 creatures vanquished.

Notes
Turn   | Place    | Note
-------+----------+-------------------------------------------
     0 | D:1      | jasper the Mummy Cinder Acolyte began the quest for the
                  | Orb.
     0 | D:1      | Reached XP level 1. HP: 18/18 MP: 2/2
   172 | D:1      | Reached skill level 3 in Polearms
   172 | D:1      | Reached XP level 2. HP: 24/24 MP: 4/4
   944 | D:2      | Gained mutation: You are in touch with the powers of death.
                  | [Mummy growth]
   944 | D:2      | Reached XP level 3. HP: 26/29 MP: 5/5
   968 | D:2      | Found a radiant altar of Vehumet.
  1347 | D:2      | Reached skill level 4 in Polearms
  1447 | D:2      | Reached XP level 4. HP: 34/35 MP: 6/6
  1452 | D:2      | Learned a level 4 spell: Anguish
  1964 | D:3      | Found a faded altar of an unknown god.
  2507 | D:4      | Reached XP level 5. HP: 41/41 MP: 7/7
  2537 | D:4      | Reached skill level 5 in Polearms
  2755 | D:4      | Found Sudause's Weapon Emporium.
  3017 | D:5      | Entered Level 5 of the Dungeon
  3067 | D:5      | Found a staircase to the Ecumenical Temple.
  3069 | D:5      | Noticed a black bear
  3072 | D:5      | a black bear changed into a raiju
  3072 | D:5      | Noticed a raiju
  3079 | D:5      | Killed a raiju
  3080 | D:5      | Reached skill level 6 in Polearms
  3080 | D:5      | Reached XP level 6. HP: 14/47 MP: 8/8
  3658 | D:5      | Noticed an ice beast
  3671 | D:5      | Killed an ice beast
  3672 | D:5      | Reached XP level 7. HP: 45/52 MP: 9/9
  3733 | D:5      | Reached skill level 7 in Polearms
  3934 | D:5      | Learned a level 1 spell: Apportation
  4095 | D:5      | Reached skill level 8 in Polearms
  4285 | D:6      | Reached XP level 8. HP: 40/58 MP: 10/10
  4794 | D:6      | Found a runed translucent door.
  4795 | D:6      | Noticed Crazy Yiuf
  4852 | D:6      | Reached skill level 9 in Polearms
  5211 | D:6      | Noticed Menkaure
  5212 | D:6      | Found a sacrificial altar of Ru.
  5212 | D:6      | Found a shimmering altar of Xom.
  5232 | D:6      | Killed Menkaure
  5238 | D:6      | Reached skill level 10 in Polearms
  5242 | D:6      | Found a shimmering altar of Xom.
  5242 | D:6      | Found a basalt altar of Yredelemnul.
  5242 | D:6      | Found a shimmering altar of Xom.
  5634 | D:6      | Reached XP level 9. HP: 22/63 MP: 11/11
  5893 | D:7      | Identified the +12 dagger of Redgheyss {freeze, rPois}
  6054 | D:7      | Found a snail-covered altar of Cheibriados.
  6431 | D:7      | Reached skill level 11 in Polearms
  6579 | D:7      | Found an opulent altar of Gozag.
  6864 | D:7      | Noticed Maggie
  6898 | D:7      | Killed Maggie
  7348 | D:8      | Noticed a two-headed ogre
  7367 | D:8      | Killed a two-headed ogre
  7368 | D:8      | Reached skill level 12 in Polearms
  7397 | D:8      | Reached XP level 10. HP: 48/70 MP: 12/12
  7572 | D:8      | Slain by a troll

Illustrated notes

Levels and vault maps discovered:
D:1:      saegor_arrival_simple_d, layout_loops_ring,
          nicolae_concentric_dashed_squares_wild, serial_bayou_crossing
D:2:      minmay_diamond_boxcup, layout_basic, basic_altar,
          minmay_misc_feat_four_crosses, minmay_octomino_c4
D:3:      layout_loops_cross, shapermc_ecumenical_altar_venn,
          nicolae_underground_beach
D:4:      layout_rooms, serial_shops, nicolae_take_the_stairs,
          hangedman_decor_opposing
D:5:      minmay_bubble_buster, layout_rooms, minmay_temple_entry_mist,
          minivault_1
D:6:      layout_basic, doesnt_xom_only_xom, chequers_serial_rivers_small_b,
          uniq_menkaure, uniq_crazy_yiuf_cottage
D:7:      layout_loops_cross, grunt_gozag_breadcrumbs, slow_altar_1, uniq_maggie
D:8:      layout_loops_ring, lemuel_doored_altar, minmay_unpleasant_kobolds

Skill      XL: |  1  2  3  4  5  6  7  8  9 |
---------------+----------------------------+-----
Polearms       | 3 4 6 8 10 12 | 12.4
Fighting       | |  3.0
Spellcasting   | |  1.3
Fire Magic     | |  2.4

Action                     |  1- 3 |  4- 6 |  7- 9 | 10-12 || total
---------------------------+-------+-------+-------+-------++-------
  Melee: Spear             |   150 |   215 |   404 |       ||   769
         Punch             |     2 |     1 |     4 |       ||     7
         Trident           |       |       |    96 |    74 ||   170
  Throw: Stone             |     9 |     6 |     1 |       ||    16
 Invoke: Fiery Armour      |       |     5 |     4 |     1 ||    10
  Evoke: Wand              |       |     8 |    10 |       ||    18
    Use: Scroll            |     6 |     2 |     1 |       ||     9
 Armour: Robe              |    18 |    29 |       |       ||    47
         Ring mail         |       |    24 |    18 |       ||    42
         Scale mail        |       |       |    94 |    13 ||   107
  Dodge: Dodged            |   114 |   142 |   225 |    38 ||   519

Table legend: (Time is in decaauts)
 A = Elapsed time spent in this place.
 B = Non-inter-level travel time spent in this place.
 C = Inter-level travel time spent in this place.
 D = Time resting spent in this place.
 E = Time spent auto-exploring this place.
 F = Levels seen in this place.
 G = Mean time per level.
                   A        B        C        D        E       F      G
               +--------+--------+--------+--------+--------+-----+--------+
         Total |   7332 |   7070 |    262 |    319 |   5218 |   8 |  916.5 |
       Dungeon |   7332 |   7070 |    262 |    319 |   5218 |   8 |  916.5 |
               +--------+--------+--------+--------+--------+-----+--------+

Top non-repeatable levels by time:
     D:6: 1612 daAuts
     D:7: 1373 daAuts
     D:5: 1166 daAuts
     D:1: 930 daAuts
     D:2: 894 daAuts
     D:3: 588 daAuts
     D:4: 577 daAuts
     D:8: 190 daAuts
